 Dungeon Crawl Stone Soup version 0.29-a0-925-g0a7a3d12f8 (webtiles) character file.

Game seed: 15171267308010400515

8037 tilp the Dealer of Despair (level 11, -4/80 HPs)
             Began as a Mummy Necromancer on July 29, 2022.
             Was an Elder of Kikubaaqudgha.
             Slain by a bullfrog (7 damage)
             ... on level 9 of the Dungeon.
             The game lasted 00:21:40 (11013 turns).

tilp the Dealer of Despair (Mummy Necromancer)     Turns: 11013, Time: 00:21:40

Health: -4/80      AC: 10    Str: 11    XL:     11   Next: 4%
Magic:  18/20      EV: 13    Int: 25    God:    Kikubaaqudgha [****..]
Gold:   222        SH:  0    Dex: 13    Spells: 6/22 levels left

rFire   x . .      SeeInvis .   b - +3 scimitar (flame)
rCold   + . .      Faith    .   (no shield)
rNeg    + + +      Spirit   .   B - +1 robe {Will+}
rPois   ∞          Reflect  .   x - +2 helmet
rElec   .          Harm     .   p - +1 cloak
rCorr   .          Rampage  .   D - +1 pair of gloves
Will    ++...                   (no boots)
Stlth   ++........              h - amulet of regeneration
HPRegen 1.03/turn               f - +6 ring of intelligence
MPRegen 0.17/turn               q - ring of wizardry

@: no status effects
A: cold resistance 1, negative energy resistance 3, torment resistance 2, heat
vulnerability 1, in touch with death 1, no potions
a: Renounce Religion, Unearth Wretches


You were on level 9 of the Dungeon.
You worshipped Kikubaaqudgha.
Kikubaaqudgha was greatly pleased with you.
You visited 2 branches of the dungeon, and saw 10 of its levels.

You collected 474 gold pieces.
You spent 252 gold pieces at shops.

Inventory:

Hand Weapons
 b - a +3 scimitar of flaming (weapon)
 G - a +4 morningstar
Missiles
 g - 3 silver javelins
 j - a throwing net
 o - 9 poisoned darts (quivered)
 s - a boomerang of dispersal
 u - 7 boomerangs
 y - a curare-tipped dart
Armour
 p - a +1 cloak (worn)
 r - a +0 buckler
 w - a +0 kite shield
 x - a +2 helmet (worn)
 A - an orb of energy
 B - a +1 robe of willpower (worn)
 D - a +1 pair of gloves (worn)
Magical Staves
 a - a staff of death
Jewellery
 f - a +6 ring of intelligence (left hand)
 h - an amulet of regeneration (around neck)
 n - an amulet of the acrobat
 q - a ring of wizardry (right hand)
 C - an amulet of faith
Wands
 t - a wand of paralysis (11)
 z - a wand of flame (18)
Scrolls
 c - 2 scrolls of blinking
 d - a scroll of identify
 e - a scroll of amnesia
 i - a scroll of torment
 k - 2 scrolls of immolation
 l - a scroll of poison
 m - 4 scrolls of vulnerability
 v - 2 scrolls of enchant weapon
 E - a scroll of brand weapon {unknown}
 F - a scroll of fear {unknown}
 H - a scroll of teleportation {unknown}


   Skills:
 * Level 5.6 Fighting
 * Level 6.9 Staves
 + Level 3.8 Dodging
 - Level 2.0 Stealth
 + Level 3.7 Shields
 + Level 6.0 Spellcasting
 + Level 4.8 Hexes
 * Level 9.0 Necromancy
 + Level 4.6 Evocations


You had 6 spell levels left.
You knew the following spells:

 Your Spells              Type           Power      Damage    Failure   Level
a - Necrotise             Necr           100%       1d9       1%          1
b - Vampiric Draining     Necr           68%        2d10      1%          3
c - Animate Dead          Necr           68%        N/A       1%          4
d - Anguish               Hex/Necr       29%        N/A       1%          4
e - Dispel Undead         Necr           68%        3d23      1%          4

Your spell library contained the following spells:

 Spells                   Type           Power      Damage    Failure   Level
 Tukima's Dance           Hex            31%        N/A       1%          3
 Agony                    Necr           68%        N/A       1%          5
 Sandblast                Erth           14%        2d6       3%          1
 Sting                    Tmut/Pois      28%        1d4       3%          1
 Portal Projectile        Hex/Tloc       38%        N/A       3%          3
 Passwall                 Tmut/Erth      5%         N/A       4%          2
 Poisonous Vapours        Pois/Air       14%        N/A       4%          2
 Conjure Flame            Conj/Fire      7%         6-21      9%          3
 Frozen Ramparts          Ice            14%        1d3       9%          3
 Ignite Poison            Fire/Tmut/Pois 7%         N/A       9%          3
 Stone Arrow              Conj/Erth      14%        3d7       9%          3
 Corpse Rot               Necr/Pois/Air  33%        N/A       9%          4
 Borgnjor's Vile Clutch   Necr/Erth      22%        N/A       13%         5
 Olgreb's Toxic Radiance  Pois           7%         N/A       28%         4
 Sticky Flame             Conj/Fire      7%         2d3       28%         4
 Summon Ice Beast         Ice/Summ       7%         N/A       28%         4
 Simulacrum               Ice/Necr       22%        N/A       54%         6
 Ice Form                 Ice/Tmut       Unusable   N/A       N/A         4
 Blade Hands              Tmut           Unusable   N/A       N/A         5

Dungeon Overview and Level Annotations

Branches:
Dungeon (9/15)             Temple (1/1) D:4            Lair (0/5) D:8
    Orc (0/2) D:9

Altars:
Ashenzari
Cheibriados
Dithmenos
Fedhas
Gozag
Hepliaklqana
Kikubaaqudgha
Makhleb
Nemelex Xobeh
Okawaru
Qazlal
Ru
Sif Muna
Trog
Uskayaw
Vehumet
Wu Jian
Xom
Yredelemnul

Shops:
D:2 [   D:6 *

Annotations:
D:4 2 transporters, leavemydog's ghost, amateur HOFi
D:5 dig vault (quasits)
D:9 Harold


Innate Abilities, Weirdness & Mutations

You are immune to poison.
Your flesh is cold resistant. (rC+)
You are immune to negative energy. (rN+++)
You are immune to unholy pain and torment.
You are vulnerable to heat. (rF-)
You are in touch with the powers of death.
You do not drink.


Message History

The vampire mosquito is heavily damaged.
The vampire mosquito misses you. The vampire mosquito bites you!
Unknown command.
You closely miss the vampire mosquito.
The vampire mosquito is heavily damaged.
The vampire mosquito barely misses you. The vampire mosquito bites you. x2
* * * LOW HITPOINT WARNING * * *
Unknown command.
You hit the vampire mosquito. You burn the vampire mosquito.
The vampire mosquito is heavily damaged.
The vampire mosquito closely misses you.
The vampire mosquito bites you!
* * * LOW HITPOINT WARNING * * *
The vampire mosquito bites you.
* * * LOW HITPOINT WARNING * * *
Casting: Anguish (dangerous; 1% risk of failure)
Confirm with . or Enter, or press ? or * to list all spells.
You can't see any susceptible monsters within range! (Use Z to cast anyway.) Unknown command.
Unknown command.
You slash the vampire mosquito! You burn the vampire mosquito.
The vampire mosquito is almost destroyed.
The vampire mosquito bites you!
* * * LOW HITPOINT WARNING * * *
The vampire mosquito bites you!
* * * LOW HITPOINT WARNING * * *
Unknown command.
You barely miss the vampire mosquito.
The vampire mosquito is almost destroyed.
The vampire mosquito bites you but does no damage.
The vampire mosquito bites you.
* * * LOW HITPOINT WARNING * * *
The vampire mosquito bites you but does no damage.
Unknown command.
You slash the vampire mosquito! You burn the vampire mosquito.
You destroy the vampire mosquito!
Kikubaaqudgha accepts your kill. The bullfrog hits you!
You die...
Kikubaaqudgha rasps: "You have failed me!
Welcome... oblivion!"

..###.## #.######
#.#....#### #......#
##.##.#...# #......#
.......##.######......#
#.#######.............#
#########........######
.................#
.....#'#########.#
.....#.........#@#
##...#.........#F#
#...#.........#y#
#...#.........#.#
#...#####.....#y#
##.......#######{#
...............oo#
..............o.o#
...##########....#


You could see 2 vampire mosquitoes, a bullfrog (anguished) and 3 orcs.

Vanquished Creatures
  A shadow (D:9)
  3 wyverns
  A yak (D:8)
  4 vampire mosquitoes (D:9)
  2 water moccasins
  An ice beast (D:6)
  2 orc warriors
  A sky beast (D:7)
  3 black bears
  An ogre (D:5)
  2 centaurs
  A kobold brigand (D:7)
  A phantom (D:9)
  A necrophage (D:6)
  4 bullfrogs
  A scorpion (D:5)
  11 wights
  2 troll zombies (D:9)
  10 killer bees
  6 howler monkeys
  4 jellies
  4 hounds
  6 orc priests
  5 iguanas
  5 orc wizards
  4 ogre zombies (D:9)
  A gnoll (D:8)
  7 adders
  2 shadow imps
  A white imp (D:5)
  An ufetubus (D:5)
  4 worms
  2 dart slugs
  25 orcs
  4 endoplasms
  4 giant cockroaches
  3 goblins
  6 hobgoblins
  5 jackals (D:4)
  10 kobolds
  3 quokkas
  3 ball pythons (D:2)
  7 bats
  3 frilled lizards
  2 goblin skeletons (D:9)
  4 goblin zombies (D:9)
  A hobgoblin zombie (D:9)
  4 orc skeletons (D:9)
  8 orc zombies (D:9)
  A rat (D:3)
197 creatures vanquished.

Vanquished Creatures (collateral kills)
  A shadow (D:9)
  3 yaks (D:8)
  A water moccasin (D:8)
  A centaur (D:8)
  A scorpion (D:8)
  2 orcs
  An endoplasm (D:4)
  3 hobgoblins (D:8)
13 creatures vanquished.

Vanquished Creatures (others)
  Erica (D:8)
  A gargoyle (D:8)
  2 komodo dragons (D:8)
  5 yaks (D:8)
  An orc warrior (D:8)
  A human zombie (D:8)
  2 wights (D:8)
  3 yak zombies (D:8)
  A centaur zombie (D:8)
  A scorpion zombie (D:8)
  2 killer bee zombies (D:9)
  An orc zombie (D:8)
  An orc (D:8)
  A gnoll zombie (D:8)
  4 hobgoblin zombies (D:8)
  41 fungi (D:8)
  47 plants
115 creatures vanquished.

Grand Total: 325 creatures vanquished

Notes
Turn   | Place    | Note
-------+----------+-------------------------------------------
     0 | D:1      | tilp the Mummy Necromancer began the quest for the Orb.
     0 | D:1      | Reached XP level 1. HP: 13/13 MP: 4/4
   328 | D:1      | Reached XP level 2. HP: 14/20 MP: 1/5
   463 | D:1      | Reached skill level 1 in Fighting
   864 | D:2      | Found Luecimm's Antique Armour Boutique.
   931 | D:2      | Found a faded altar of an unknown god.
  1076 | D:2      | Gained mutation: You are in touch with the powers of death.
                  | [Mummy growth]
  1076 | D:2      | Reached XP level 3. HP: 26/26 MP: 4/7
  1080 | D:2      | Learned a level 3 spell: Vampiric Draining
  1691 | D:2      | Identified a scroll of acquirement
  1692 | D:2      | Acquired a staff of death
  2019 | D:3      | Reached XP level 4. HP: 33/33 MP: 5/8
  2106 | D:3      | Found an ornate altar of the Wu Jian Council.
  2486 | D:4      | Learned a level 4 spell: Animate Dead
  2502 | D:4      | Noticed a centaur
  2508 | D:4      | Killed a centaur
  2509 | D:4      | Reached skill level 1 in Staves
  2509 | D:4      | Reached skill level 5 in Necromancy
  2509 | D:4      | Reached skill level 1 in Evocations
  2509 | D:4      | Reached XP level 5. HP: 34/38 MP: 1/9
  2819 | D:4      | Found a transporter.
  2843 | D:4      | Noticed leavemydog's ghost (amateur HOFi)
  2845 | D:4      | Found a transporter.
  2860 | D:4      | Found a staircase to the Ecumenical Temple.
  2888 | Temple   | Entered the Ecumenical Temple
  2965 | Temple   | Became a worshipper of Kikubaaqudgha
  3255 | D:5      | Entered Level 5 of the Dungeon
  3259 | D:5      | Noticed an ogre
  3263 | D:5      | Killed an ogre
  3264 | D:5      | Reached XP level 6. HP: 44/44 MP: 1/10
  3372 | D:5      | Noticed a water moccasin
  3375 | D:5      | Killed a water moccasin
  3376 | D:5      | Reached skill level 1 in Shields
  3557 | D:5      | Reached skill level 6 in Necromancy
  3730 | D:5      | Reached XP level 7. HP: 50/50 MP: 4/11
  4029 | D:5      | Found a sacrificial altar of Ru.
  5107 | D:6      | Reached XP level 8. HP: 6/57 MP: 0/12
  5415 | D:5      | Reached * piety under Kikubaaqudgha
  5415 | D:5      | Received a gift from Kikubaaqudgha
  5980 | D:6      | Learned a level 4 spell: Anguish
  6107 | D:6      | Found Uhonemub's Assorted Antiques.
  6129 | D:6      | Bought a scroll labelled XYNKUO VABY for 29 gold pieces
  6129 | D:6      | Bought a scroll of identify for 58 gold pieces
  6334 | D:7      | Reached skill level 1 in Hexes
  6853 | D:7      | Found a shimmering altar of Xom.
  6872 | D:7      | Reached XP level 9. HP: 65/65 MP: 5/15
  6977 | D:7      | Reached ** piety under Kikubaaqudgha
  6994 | D:7      | Reached skill level 5 in Staves
  6994 | D:7      | Reached skill level 7 in Necromancy
  7834 | D:8      | Noticed Erica
  7837 | D:8      | Noticed a komodo dragon
  7847 | D:8      | Paralysed by Erica for 5 turns
  7847 | D:8      | Noticed a komodo dragon
  7852 | D:8      | Killed Erica
  7853 | D:8      | Reached skill level 5 in Spellcasting
  7856 | D:8      | Your ally Erica died
  8109 | D:8      | Reached skill level 8 in Necromancy
  8122 | D:8      | Reached XP level 10. HP: 53/71 MP: 2/17
  8306 | D:8      | Noticed a gargoyle
  8322 | D:8      | Killed a gargoyle
  8824 | D:8      | Found a staircase to the Lair.
  8866 | D:8      | Found a radiant altar of Vehumet.
  8870 | D:8      | Found a hide-covered altar of Uskayaw.
  9039 | D:8      | Found a stormy altar of Qazlal.
  9059 | D:8      | Reached skill level 5 in Fighting
  9290 | D:8      | Reached *** piety under Kikubaaqudgha
  9290 | D:8      | Received a gift from Kikubaaqudgha
  9723 | D:2      | Bought a pair of embroidered gloves for 165 gold pieces
  9849 | D:9      | Learned a level 4 spell: Dispel Undead
  9956 | D:9      | Found a staircase to the Orcish Mines.
 10128 | D:9      | Noticed Harold
 10337 | D:9      | Reached **** piety under Kikubaaqudgha
 10580 | D:9      | Reached XP level 11. HP: 80/80 MP: 4/20
 10893 | D:9      | Found a shimmering blue altar of Sif Muna.
 11008 | D:9      | Reached skill level 9 in Necromancy
 11011 | D:9      | HP: 2/80 [vampire mosquito (9)]
 11013 | D:9      | Slain by a bullfrog

Illustrated notes

Levels and vault maps discovered:
D:1:      lightli_arrival_boilingwater, layout_loops_ring, serial_park_tiny_1
D:2:      layout_loops_ring, serial_shops, nicolae_diamond_shop,
          shapermc_ecumenical_altar_mp_highgroup, st_stairs_9
D:3:      layout_loops_ring, lemuel_coloured_pillars_altar
D:4:      layout_rooms, minmay_temple_entry_trees, gammafunk_ghost_arena,
          serial_bayou_lagoon_a
D:5:      cheibrodos_quashed, layout_layer_cave, nicolae_ru_awakened_eye
D:6:      layout_rooms, serial_curves, eino_curves_02, eino_curves_04,
          eino_curves_03, eino_curves_02, serial_shops,
          nicolae_shop_hallway_stairs
D:7:      layout_gridville, brannock_xom_greatest_gift
D:8:      layout_basic, general_overflow_altar, nicolae_overflow_hidden_temple,
          due_lair_maze_entry_diamond, sigmund_army, uniq_erica
D:9:      layout_irregular_city, lemuel_blue_sif_altar, zombieorc1_lemuel,
          uniq_harold
Temple:   eino_temple_lava

Skill      XL: |  1  2  3  4  5  6  7  8  9 10 11 |
---------------+----------------------------------+-----
Fighting       | 1 2 3 4 5 |  5.6
Spellcasting   | 3 4 5 6 |  6.0
Stealth        | 2 |  2.0
Dodging        | 2 3 |  3.8
Staves         | 1 2 4 6 |  6.9
Necromancy     | 5 6 8 9 |  9.0
Evocations     | 1 2 4 |  4.6
Shields        | 1 2 3 |  3.7
Hexes          | 1 4 |  4.8

Action                   |  1- 3 |  4- 6 |  7- 9 | 10-12 || total
-------------------------+-------+-------+-------+-------++-------
Melee: Hand axe          |    62 |       |       |       ||    62
       Punch             |     1 |       |     4 |     5 ||    10
       Staff             |    12 |    49 |   214 |    65 ||   340
       Mace              |       |       |    43 |       ||    43
       Scimitar          |       |       |       |   113 ||   113
Throw: Dart              |       |       |     9 |       ||     9
       Boomerang         |       |       |     2 |       ||     2
 Cast: Necrotise         |    50 |    42 |    52 |     2 ||   146
       Vampiric Draining |     1 |     7 |    55 |    26 ||    89
       Anguish           |       |       |     5 |    13 ||    18
       Animate Dead      |       |       |     2 |     3 ||     5
       Dispel Undead     |       |       |       |     7 ||     7
Evoke: Wand              |       |       |     1 |     1 ||     2
  Use: Scroll            |     7 |     2 |     3 |       ||    12
 Stab: Sleeping          |     3 |     1 |     1 |     2 ||     7
       Paralysed         |       |       |     2 |     2 ||     4
Armor: Robe              |    19 |    29 |    91 |    64 ||   203
Dodge: Dodged            |    58 |    52 |   178 |   162 ||   450

Table legend: (Time is in decaauts)
 A = Elapsed time spent in this place.
 B = Non-inter-level travel time spent in this place.
 C = Inter-level travel time spent in this place.
 D = Time resting spent in this place.
 E = Time spent auto-exploring this place.
 F = Levels seen in this place.
 G = Mean time per level.
                   A        B        C        D        E       F      G
               +--------+--------+--------+--------+--------+-----+--------+
         Total |  11085 |  10476 |    609 |   1123 |   7357 |  10 | 1108.5 |
       Dungeon |  11000 |  10400 |    600 |   1123 |   7290 |   9 | 1222.2 |
        Temple |     84 |     75 |      9 |      0 |     67 |   1 |   84.0 |
               +--------+--------+--------+--------+--------+-----+--------+

Top non-repeatable levels by time:
     D:5: 2154 daAuts
     D:7: 1839 daAuts
     D:8: 1541 daAuts
     D:9: 1197 daAuts
     D:6: 974 daAuts
     D:1: 877 daAuts
     D:2: 870 daAuts
     D:3: 809 daAuts
     D:4: 736 daAuts
  Temple: 84 daAuts
